 Dungeon Crawl Stone Soup version 0.16.1-14-g82efdee (webtiles) character file.

352 jacksonaction the Destroyer (level 6, -1/32 HPs)
             Began as a Deep Elf Conjurer on Apr 13, 2015.
             Was an Initiate of Vehumet.
             Killed from afar by an orc wizard (4 damage)
             ... with a magic dart
             ... on level 5 of the Dungeon.
             The game lasted 00:17:46 (4661 turns).

jacksonaction the Destroyer (Deep Elf Conjurer)     Turns: 4661, Time: 00:17:46

Health: -1/32      AC:  7    Str:  5    XL:     6   Next: 34%
Magic:  8/18       EV: 13    Int: 22    God:    Vehumet [......]
Gold:   92         SH:  0    Dex: 15    Spells: 3 memorised, 3 levels left

rFire  . . .     SeeInvis .     r - +1 dagger (protect)
rCold  . . .     Clarity  .     a - +0 robe
rNeg   . . .     SustAb   .     (no shield)
rPois  .         Gourm    .     (no helmet)
rElec  .         Spirit   .     (no cloak)
rCorr  .         Warding  .     (no gloves)
rMut   .         Stasis   .     (no boots)
MR     .....                    (no amulet)
Stlth  ++........               (no ring)
                                (no ring)

@: not resistant to hostile enchantments, unstealthy
A: no striking features
a: Renounce Religion


You were on level 5 of the Dungeon.
You worshipped Vehumet.
Vehumet was noncommittal.
You were not hungry.

You visited 2 branches of the dungeon, and saw 6 of its levels.

You collected 92 gold pieces.

Inventory:

Hand weapons
 r - a +1 dagger of protection (weapon)
Armour
 a - a +0 robe (worn)
Jewellery
 n - an uncursed ring of stealth {unknown}
 t - an uncursed ring of magical power {unknown}
Magical devices
 q - a wand of fireball (6)
Scrolls
 f - a scroll of identify
 g - 3 scrolls of amnesia
 i - a scroll of immolation {unknown}
 j - 2 scrolls of blinking
 p - a scroll of enchant armour {unknown}
Potions
 d - 2 potions of lignification {unknown}
 e - 2 potions of curing {unknown}
 h - a potion of haste {unknown}
 k - 4 potions of magic
 l - a potion of restore abilities {unknown}
 m - 2 potions of poison {unknown}
Books
 c - a book of Conjurations

   Spells                             Type                      Level
   a - Magic Dart                     Conjuration                  1
   b - Searing Ray                    Conjuration                  2
   c - Dazzling Spray                 Conjuration/Hexes            3
   d - Fulminant Prism                Conjuration/Hexes            4
   e - Iskenderun's Mystic Blast      Conjuration                  4
   f - Iskenderun's Battlesphere      Conjuration/Charms           5
Comestibles
 b - 4 bread rations
 o - 2 chunks of flesh
 s - 2 fruits


   Skills:
 - Level 2.4 Dodging
 - Level 2.4 Stealth
 - Level 3.0 Spellcasting
 + Level 8.2 Conjurations
 * Level 2.4 Charms


You had 3 spell levels left.
You knew the following spells:

 Your Spells              Type           Power        Failure   Level  Hunger
a - Magic Dart            Conj           ####         1%          1    None
b - Searing Ray           Conj           #####.       1%          2    ##.....
c - Iskenderun's Battles  Conj/Chrm      ####....     38%         5    ######.


Dungeon Overview and Level Annotations

Branches:
Dungeon (5/15)             Temple (1/1) D:4

Altars:
Okawaru
Vehumet
Xom
The Shining One


Message History

The searing ray hits the orc.
You kill the orc!
Vehumet accepts your kill.
The gnoll moves out of view.
A gnoll comes into view. It is wielding a whip.
Casting: Searing Ray
Confirm with . or Enter, or press ? or * to list all spells.
Aiming: Searing Ray
Press: ? - help, Shift-Dir - straight line, f - ooze
Aim: an ooze The searing ray hits the orc priest.
The orc priest is lightly wounded.
The searing ray hits the orc priest.
The orc priest is heavily wounded.
The searing ray hits the orc priest.
You kill the orc priest!
Vehumet accepts your kill. The orc wizard casts a spell at you.
The magic dart hits you!
You die...

#### ..... ......
...>... ......o
......o
#######g.g....###.#
#...@)o# #<.o.#
#.####.# ###### #.#
# #.# #<# ###


You could see an orc wizard and 2 gnolls.

Vanquished Creatures
  2 orc priests
  A worker ant (D:4)
  2 orc wizards
  A gnoll (D:1)
  8 adders
  2 giant mites
  4 worms
  3 giant geckos
  10 orcs
  7 giant cockroaches
  8 hobgoblins
  2 jackals (D:1)
  10 kobolds
  2 quokkas
  8 bats
  6 giant newts
  7 goblins
  9 rats
92 creatures vanquished.

Notes
Turn   | Place    | Note
--------------------------------------------------------------
     0 | D:1      | jacksonaction, the Deep Elf Conjurer, began the quest for the Orb.
     0 | D:1      | Reached XP level 1. HP: 10/10 MP: 5/5
   187 | D:1      | Reached skill level 5 in Conjurations
   187 | D:1      | Reached XP level 2. HP: 15/15 MP: 1/8
   260 | D:1      | Learned a level 2 spell: Searing Ray
   437 | D:1      | Reached XP level 3. HP: 17/19 MP: 7/10
  1346 | D:2      | Reached skill level 6 in Conjurations
  1454 | D:2      | Reached XP level 4. HP: 24/24 MP: 11/13
  2996 | D:3      | Reached XP level 5. HP: 28/28 MP: 12/16
  3040 | D:3      | Reached skill level 7 in Conjurations
  3051 | D:3      | Learned a level 5 spell: Iskenderun's Battlesphere
  3619 | D:4      | Reached skill level 1 in Charms
  3839 | D:4      | Found a staircase to the Ecumenical Temple.
  3852 | Temple   | Entered the Ecumenical Temple
  3860 | Temple   | Became a worshipper of Vehumet
  3993 | D:4      | Reached XP level 6. HP: 4/32 MP: 9/18
  3997 | D:4      | Reached skill level 8 in Conjurations
  4342 | D:4      | Noticed an ogre
  4467 | D:5      | Entered Level 5 of the Dungeon
  4661 | D:5      | Killed from afar by an orc wizard

Action                   |  1- 3 |  4- 6 || total
-------------------------+-------+-------++-------
 Cast: Magic Dart        |    52 |    93 ||   145
       Searing Ray       |     3 |    16 ||    19
  Use: Scroll            |       |     3 ||     3
  Eat: Chunk             |     2 |    10 ||    12
